 Dungeon Sprint DCSS version 0.22.1-1-ga44c0e56f4 (webtiles) character file.

8341 MuseOD the Unseen (level 11, -6/60 HPs)
             Began as a Spriggan Enchanter on Sept 21, 2018.
             Was a High Priest of Dithmenos.
             Mangled by a golden dragon (15 damage)
             ... in the Dungeon (Sprint II: "The Violet Keep of Menkaure").
             The game lasted 00:05:53 (1063 turns).

MuseOD the Unseen (Spriggan Enchanter)              Turns: 1063, Time: 00:05:54

Health: -6/60      AC:  5    Str:  4    XL:     11   Next: 8%
Magic:  11/27      EV: 29    Int: 22    God:    Dithmenos [*****.]
Gold:   560        SH:  0    Dex: 17    Spells: 21/33 levels left

rFire    . . .     SeeInvis +   a - +1 dagger
rCold    + + .     Gourm    .   (shield restricted)
rNeg     . . .     Faith    .   c - +1 robe of the Barber Surgeon {-Tele rC++ rCorr Int+2} (curse)
rPois    .         Spirit   .   (helmet restricted)
rElec    .         Reflect  .   (no cloak)
rCorr    +         Harm     .   (gloves unavailable)
MR       ++...     NoTele   +   (boots unavailable)
Stlth    ++++++++++             (no amulet)
HPRegen  0.20/turn              (no ring)
MPRegen  0.20/turn              (no ring)

@: wreathed by umbra, very quick
A: very small, unfitting armour, hooves 1, slimy green scales 1, see invisible,
herbivore, speed 3, magic resistance 1, slow metabolism 2, subdued magic 1
a: Shadow Step, Shadow Form, Renounce Religion


You were in the Dungeon.
You worshipped Dithmenos.
Dithmenos was extremely pleased with you.
You were not hungry.

You visited 1 branch You collected 1296 gold pieces.
You spent 736 gold pieces at shops.

Inventory:

Hand Weapons
 a - a +1 dagger (weapon)
Armour
 b - a +0 robe
 c - the cursed +1 robe of the Barber Surgeon (worn) {-Tele rC++ rCorr Int+2}
   (You bought it in a shop in the Dungeon)

   It affects your intelligence (+2).
   It greatly protects you from cold.
   It prevents most forms of teleportation.
   It provides partial protection from all sources of acid and corrosion.
   It has a curse placed upon it.
Scrolls
 e - a scroll of remove curse {unknown}
 j - a scroll of blinking
Potions
 f - a potion of heal wounds
 g - a potion of haste
 h - 2 potions of magic
 i - a potion of berserk rage
 k - 3 potions of flight {unknown}
Comestibles
 d - 2 rations


   Skills:
 + Level 8.5 Fighting
 * Level 14.8 Short Blades
 + Level 13.3 Dodging
 + Level 19.6 Stealth
 - Level 11.5 Spellcasting
 - Level 11.7 Hexes


You had 21 spell levels left.
You knew the following spells:

 Your Spells              Type           Power        Failure   Level  Hunger
a - Corona                Hex            #####..      1%          1    None
b - Ensorcelled Hibernat  Hex/Ice        ####..       1%          2    None
c - Confuse               Hex            #####...     1%          3    None
d - Tukima's Dance        Hex            #####...     1%          3    None
e - Dazzling Spray        Conj/Hex       ####..       1%          3    None

Your spell library contained the following spells:

 Spells                   Type           Power        Failure   Level  Hunger
 Bolt of Magma            Conj/Fire/Erth #.........   78%         5    ####...
 Iskenderun's Battlesphe  Conj/Chrm      #.......     78%         5    ####...
 Venom Bolt               Conj/Pois      #.........   78%         5    ####...
 Iron Shot                Conj/Erth      #.........   100%        6    #####..
 Orb of Destruction       Conj           #.........   100%        7    #######
 Spellforged Servitor     Conj/Summ      #.........   100%        7    #######


Dungeon Overview and Level Annotations

Branches:
Dungeon (1/1)

Altars:
Cheibriados
Dithmenos
Elyvilon
Fedhas
Gozag
Hepliaklqana
Kikubaaqudgha
Makhleb
Nemelex Xobeh
Okawaru
Qazlal
Ru
Sif Muna
Trog
Uskayaw
Vehumet
Wu Jian
Xom
Yredelemnul
Zin
The Shining One
Beogh
Jiyva
Lugonu

Shops:
D :**!:[(=:[!?=?!(!}(}(*[=%*[!

Annotations:
D exclusion: oklob plant


Innate Abilities, Weirdness & Mutations

You are very small and have problems with some larger weapons.
You are too small for most types of armour.
You have supernaturally acute eyesight. (SInv)
You are a herbivore.
You cover ground extremely quickly.
You need to consume almost no food.
You have large cloven feet.
You are partially covered in slimy green scales. (AC +2)
You are resistant to hostile enchantments. (MR+)
Your spells are a little easier to cast, but a little less powerful.


Message History

Confirm with . or Enter, or press ? or * to list all spells.
Aiming: Dazzling Spray (safe; 1% risk of failure)
Press: ? - help, Shift-Dir - straight line, f/p - storm dragon
Aim: a storm dragon (catching its breath, blind, hasn't noticed you, umbra)
The spray of energy hits the storm dragon.
The spray of energy hits the golden dragon.
Casting: Dazzling Spray (safe; 1% risk of failure)
Confirm with . or Enter, or press ? or * to list all spells.
Aiming: Dazzling Spray (safe; 1% risk of failure)
Press: ? - help, Shift-Dir - straight line, f - golden dragon
Aim: a golden dragon (umbra)
The spray of energy hits the golden dragon.
The golden dragon is lightly wounded.
Your shadow mimicks your spell!
The shadow shard hits the golden dragon.
The golden dragon bites you!!!
Ouch! That really hurt!
* * * LOW HITPOINT WARNING * * *
You emit a cloud of dark smoke.
The golden dragon claws you!
You die...

∩∩∩∩∩#..'.# §§§≈≈≈≈## ∩∩∩∩∩#..###
≈≈§§≈≈≈## #######..+ §§;§;≈;≈#
.e##.)!#### §;≈≈§≈ C2..D))).≈##
≈;§§ #########≈D#+++#+++##
########≈≈≈D........#
.......#≈≈≈≈.##D##..# #.
...⌠...#≈≈≈≈##.#@##.#### +.###
..∩.∩..#≈≈≈≈#..#§§#....# ...###
.∩.∩.∩.#≈≈####.#.####..## #.^##)
∩.∩.∩.∩#≈##.###'###.##..# +..#†.
.∩...∩.#≈#.#.##.##..##..# #..#††
∩.....∩'≈'.##'.<.'##.'..####..##.
.......#≈#..###.##..##....###...#
▓▓▓▓▓###≈##.# #+###.##......≈≈≈≈≈
EH######≈≈### ###≈≈...§.≈#'##


You could see a golden dragon and 3 electric eels.

Vanquished Creatures
  Kirke (D)
  A yaktaur captain (D)
  A centaur warrior (D)
  A skeletal warrior (D)
  3 shining eyes (D)
  An elephant (D)
  A kobold demonologist (D)
  A yaktaur (D)
  2 tyrant leeches (D)
  3 polar bears (D)
  A hornet (D)
  3 hippogriffs (D)
  2 wyverns (D)
  4 neqoxecs (D)
  3 soldier ants (D)
  A necrophage (D)
  A crocodile (D)
  An iron imp (D)
  4 worker ants (D)
  A spectral giant cockroach (D)
  A spectral leopard gecko (D)
37 creatures vanquished.

Vanquished Creatures (others)
  Menkaure (D)
  A crocodile (D)
2 creatures vanquished.

Grand Total: 39 creatures vanquished

Notes
Turn   | Place    | Note
-------+----------+-------------------------------------------
     0 | D        | MuseOD the Spriggan Enchanter began the quest for the Orb.
     0 | D        | Reached XP level 1. HP: 9/9 MP: 5/5
     1 | D        | Noticed a worker ant
     1 | D        | Noticed a worker ant
     1 | D        | Noticed a worker ant
     1 | D        | Noticed a worker ant
     4 | D        | Killed a worker ant
     4 | D        | Reached skill level 6 in Stealth
     4 | D        | Reached XP level 2. HP: 15/15 MP: 6/6
     5 | D        | Reached skill level 5 in Short Blades
     5 | D        | Reached skill level 7 in Stealth
     5 | D        | Reached XP level 3. HP: 19/19 MP: 8/8
     9 | D        | Learned a level 2 spell: Ensorcelled Hibernation
    13 | D        | Learned a level 3 spell: Confuse
    24 | D        | Reached XP level 4. HP: 18/23 MP: 3/10
    32 | D        | Noticed Menkaure
    37 | D        | Killed Menkaure
   174 | D        | Killed a crocodile
   285 | D        | Found an iron altar of Okawaru.
   285 | D        | Found an opulent altar of Gozag.
   286 | D        | Found a sparkling altar of Nemelex Xobeh.
   286 | D        | Found a blossoming altar of Fedhas.
   287 | D        | Found a radiant altar of Vehumet.
   287 | D        | Found a burning altar of Makhleb.
   287 | D        | Found a white marble altar of Elyvilon.
   288 | D        | Found a hide-covered altar of Uskayaw.
   288 | D        | Found a corrupted altar of Lugonu.
   288 | D        | Found a shadowy altar of Dithmenos.
   289 | D        | Found a glowing silver altar of Zin.
   289 | D        | Found a bloodstained altar of Trog.
   289 | D        | Found an ancient bone altar of Kikubaaqudgha.
   290 | D        | Found a basalt altar of Yredelemnul.
   290 | D        | Found a deep blue altar of Sif Muna.
   290 | D        | Found a viscous altar of Jiyva.
   291 | D        | Found a shimmering altar of Xom.
   291 | D        | Found a sacrificial altar of Ru.
   292 | D        | Found a glowing golden altar of the Shining One.
   292 | D        | Found an ornate altar of the Wu Jian Council.
   297 | D        | Learned a level 3 spell: Tukima's Dance
   297 | D        | Noticed a yaktaur
   297 | D        | Noticed a hornet
   297 | D        | Noticed a polar bear
   298 | D        | Noticed a polar bear
   298 | D        | Noticed a polar bear
   299 | D        | Killed a polar bear
   299 | D        | Reached skill level 11 in Stealth
   299 | D        | Reached XP level 5. HP: 27/27 MP: 11/16
   299 | D        | Reached XP level 6. HP: 32/32 MP: 11/17
   300 | D        | Killed a polar bear
   300 | D        | Reached skill level 13 in Stealth
   302 | D        | Killed a polar bear
   302 | D        | Reached skill level 14 in Stealth
   302 | D        | Reached skill level 10 in Spellcasting
   302 | D        | Reached skill level 10 in Hexes
   302 | D        | Reached XP level 7. HP: 35/35 MP: 11/21
   303 | D        | Killed a hornet
   305 | D        | Killed a yaktaur
   305 | D        | Reached skill level 15 in Stealth
   305 | D        | Reached XP level 8. HP: 39/39 MP: 11/24
   312 | D        | Found a stormy altar of Qazlal.
   314 | D        | Found a snail-covered altar of Cheibriados.
   314 | D        | Found a hazy altar of Hepliaklqana.
   315 | D        | Found a roughly hewn altar of Beogh.
   321 | D        | Became a worshipper of Dithmenos the Shadowed
   326 | D        | Learned a level 3 spell: Dazzling Spray
   428 | D        | Reached * piety under Dithmenos
   437 | D        | Reached skill level 5 in Dodging
   462 | D        | Reached skill level 16 in Stealth
   463 | D        | Found User's General Store.
   463 | D        | Found Tuorya's Antique Armour Shoppe.
   463 | D        | Found Kurroff's Jewellery Emporium.
   463 | D        | Found Heuckeic's Food Emporium.
   463 | D        | Found Kiuph's Gadget Shoppe.
   463 | D        | Found Paumpyix's Antique Armour Shoppe.
   475 | D        | Found Milunarr's Distillery.
   475 | D        | Found Aximut's Antique Weapon Emporium.
   476 | D        | Found Taleicw's Jewellery Shoppe.
   476 | D        | Found Cegouwid's Magic Scroll Emporium.
   476 | D        | Noticed an iron elemental
   477 | D        | Found Safuggeg's Distillery.
   478 | D        | Found Amiduute's Book Shoppe.
   478 | D        | Found Hyeczalim's Jewellery Emporium.
   478 | D        | Noticed an oklob plant
   479 | D        | Found Piklicet's Distillery.
   479 | D        | Found Udweux's General Store.
   479 | D        | Found Ubuzisoh's Book Shoppe.
   481 | D        | Noticed a manticore
   482 | D        | Noticed a manticore
   488 | D        | Bought a dull robe for 108 gold pieces
   500 | D        | Identified the cursed +1 robe of the Barber Surgeon {-Tele
                  | rC++ rCorr Int+2} (You bought it in a shop in the Dungeon)
   503 | D        | Noticed a manticore
   603 | D        | Noticed a tyrant leech
   603 | D        | Noticed a tyrant leech
   606 | D        | Killed a tyrant leech
   606 | D        | Reached ** piety under Dithmenos
   614 | D        | Killed a tyrant leech
   614 | D        | Reached XP level 9. HP: 46/46 MP: 16/25
   697 | D        | Noticed an elephant
   698 | D        | Noticed a centaur warrior
   698 | D        | Noticed Kirke
   698 | D        | Noticed a skeletal warrior
   698 | D        | Noticed a yaktaur captain
   698 | D        | Noticed a kobold demonologist
   699 | D        | Killed a kobold demonologist
   699 | D        | Reached skill level 5 in Fighting
   701 | D        | Killed Kirke
   701 | D        | Reached *** piety under Dithmenos
   701 | D        | Reached skill level 10 in Dodging
   701 | D        | Reached skill level 17 in Stealth
   702 | D        | Killed a yaktaur captain
   702 | D        | Reached skill level 18 in Stealth
   702 | D        | Reached XP level 10. HP: 53/53 MP: 26/26
   704 | D        | Killed a skeletal warrior
   705 | D        | Killed a centaur warrior
   705 | D        | Reached **** piety under Dithmenos
   710 | D        | Killed an elephant
   728 | D        | Reached skill level 19 in Stealth
   861 | D        | Reached ***** piety under Dithmenos
   869 | D        | Noticed a shining eye
   869 | D        | Noticed a shining eye
   869 | D        | Noticed a shining eye
   873 | D        | Gained mutation: You are partially covered in slimy green
                  | scales. (AC +2) [a shining eye]
   875 | D        | Gained mutation: You are weak. (Str -2) [a shining eye]
   885 | D        | Gained mutation: Your body sometimes deteriorates upon
                  | taking damage. [a shining eye]
   886 | D        | Killed a shining eye
   895 | D        | Gained mutation: Your body often deteriorates upon taking
                  | damage. [a shining eye]
   896 | D        | Killed a shining eye
   896 | D        | Reached XP level 11. HP: 60/60 MP: 8/27
   898 | D        | Killed a shining eye
   917 | D        | Found Nuomep's Book Emporium.
   917 | D        | Found Jaukeih's Armour Shop.
   917 | D        | Found Geisch's General Store.
   917 | D        | Found Xisoicli's Antique Weapon Shoppe.
   917 | D        | Found Ungoixun's Distillery.
   918 | D        | Found Amaickut's Armour Shoppe.
   918 | D        | Found Laommestig's Magic Scroll Boutique.
   918 | D        | Found Osagok's Gadget Emporium.
   918 | D        | Found Qountaicac's Antique Weapon Shop.
   918 | D        | Found Vanaag's Distillery.
   918 | D        | Found Leemish's Weapon Shop.
   918 | D        | Found Quoxam's General Store.
   920 | D        | Bought a book of Power for 540 gold pieces
   925 | D        | Bought a potion of mutation for 88 gold pieces
   925 | D        | Lost mutation: Your body often deteriorates upon taking
                  | damage. [potion of mutation]
   925 | D        | Lost mutation: Your body sometimes deteriorates upon taking
                  | damage. [potion of mutation]
   925 | D        | Lost mutation: You are weak. (Str -2) [potion of mutation]
   925 | D        | Gained mutation: Your spells are a little easier to cast,
                  | but a little less powerful. [potion of mutation]
   925 | D        | Gained mutation: You have large cloven feet. [potion of
                  | mutation]
   925 | D        | Gained mutation: You are resistant to hostile enchantments.
                  | (MR+) [potion of mutation]
   950 | D        | Reached ****** piety under Dithmenos
  1043 | D        | Noticed a cacodemon
  1043 | D        | Noticed a golden dragon
  1043 | D        | Noticed a storm dragon
  1044 | D        | Noticed a frost giant
  1044 | D        | Noticed a deep elf high priest
  1044 | D        | Noticed a bone dragon
  1063 | D        | Mangled by a golden dragon

Skill      XL: |  1  2  3  4  5  6  7  8  9 10 |
---------------+-------------------------------+-----
Fighting       | 2 4 6 8 |  8.5
Short Blades   | 4 5 8 12 14 | 14.8
Stealth        | 6 7 11 14 15 16 18 19 | 19.6
Spellcasting   | 3 7 10 11 | 11.5
Hexes          | 4 8 10 11 | 11.7
Dodging        | 7 11 13 | 13.3

Action                   |  1- 3 |  4- 6 |  7- 9 | 10-12 || total
-------------------------+-------+-------+-------+-------++-------
Melee: Dagger            |     5 |     4 |    20 |    30 ||    59
 Cast: Ensorcelled Hiber |     1 |     1 |     4 |     3 ||     9
       Confuse           |     1 |       |    12 |    11 ||    24
       Dazzling Spray    |       |       |       |     7 ||     7
Invok: Shadow Step       |       |       |       |     1 ||     1
  Use: Potion            |     1 |       |       |     1 ||     2
 Stab: Sleeping          |     3 |     3 |     8 |     9 ||    23
       Confused          |       |       |     6 |     6 ||    12
       Invisible         |       |       |       |     3 ||     3
Armor: Robe              |       |       |       |     1 ||     1
Dodge: Dodged            |     4 |     1 |     6 |    27 ||    38
